Map: Dusk Towers

Players

Yulian - Winner!

  • Race: Terran Terran
  • League: Master

Össy

  • Race: Zerg Zerg
  • League: Master

VOD

Have the link to the VOD?

Description

Time

  • Played on: Jan. 13, 2016, 3:24 p.m.
  • Length: 9:48
Show
View Real Time Build Order
Export as new Build Order

Yulian Terran - Winner!

Build Orders: Liberator Opening, Reaper Expand 

Get SALT Encoding   

  12  0:01  SCV  
  13  0:13  SCV  
  14  0:17  Supply Depot  
  14  0:25  SCV  
  15  0:39  SCV  
  15  0:40  Barracks  
  16  0:45  Refinery  
  16  0:51  SCV  
  17  1:03  SCV  
  18  1:15  SCV  
  19  1:28  Orbital Command  
  19  1:29  Reaper  
  20  1:43  Command Center  
  20  1:56  Supply Depot, SCV  
  20  2:00  Marine  
  22  2:08  SCV  
  22  2:13  Factory  
  23  2:16  Refinery  
  23  2:20  SCV  
  24  2:23  Barracks Reactor  
  24  2:33  SCV  
  25  2:45  SCV  
  26  2:57  SCV  
  27  2:59  Starport  
  27  3:08  Orbital Command  
  27  3:09  SCV  
  27  3:11  Supply Depot, Barracks Tech Lab  
  28  3:14  Hellion  
  28  3:16  Hellion  
  32  3:21  SCV  
  34  3:37  Starport Tech Lab  
  34  3:38  Liberator  
  34  3:48  SCV x2, Fusion Core  
  34  3:49  Hellion x2  
  41  4:00  SCV x2, Barracks Tech Lab  
  43  4:03  Refinery  
  43  4:05  Supply Depot  
  43  4:19  SCV x2  
  43  4:21  Barracks  
  45  4:24  Factory Tech Lab  
  45  4:26  Supply Depot  
  45  4:31  SCV x2  
  47  4:33  Liberator  
  47  4:42  Advanced Ballistics  
  47  4:43  SCV  
  48  4:47  Marine  
  48  4:52  SCV  
  53  4:55  SCV  
  53  4:57  Engineering Bay  
  53  4:58  Refinery  
  53  4:59  Engineering Bay  
  54  5:04  SCV, Marine  
  54  5:05  Siege Tank  
  59  5:07  SCV  
  59  5:13  Marine x2  
  59  5:22  Marine  
  59  5:24  Stimpack  
  59  5:28  SCV  
  61  5:31  Marine x2  
  63  5:37  Command Center  
  63  5:40  Marine  
  64  5:48  Marine  
  64  5:49  Marine  
  66  5:52  SCV  
  66  5:53  SCV  
  66  5:56  Hellion, Barracks  
  70  5:58  Barracks  
  70  6:00  Liberator  
  70  6:15  Supply Depot x2  
  70  6:17  SCV, Marine x3  
  77  6:19  Terran Infantry Weapons Level 1  
  77  6:20  Siege Tank  
  77  6:22  Terran Infantry Armor Level 1  
  80  6:35  Marine  
  78  6:40  Marine x2  
  78  6:41  Armory  
  78  6:45  Marine x2  
  82  6:52  Siege Tank  
  82  6:53  Marine  
  82  6:58  Marine x2  
  82  7:00  Orbital Command  
  82  7:03  Marine  
  82  7:04  SCV x2  
  82  7:05  Supply Depot  
  85  7:16  Barracks Reactor, Starport Reactor  
  85  7:17  SCV  
  85  7:18  SCV  
  85  7:20  Factory  
  85  7:21  Marine x4  
  91  7:27  Orbital Command  
  88  7:39  Marine x3  
  91  7:49  Thor, Marine  
  98  7:53  SCV x2  
  98  7:55  SCV  
  98  7:57  Supply Depot, Marine  
  102  7:59  Medivac x2  
  102  8:03  Marine x4  
  102  8:05  SCV  
  111  8:06  Marine  
  112  8:13  Barracks  
  112  8:14  SCV x2, Marine  
  112  8:15  Barracks  
  112  8:19  Supply Depot  
  115  8:20  Marine  
  115  8:21  Supply Depot  
  115  8:22  Marine x3  
  115  8:24  Marine  
  120  8:29  SCV x2  
  120  8:30  SCV  
  120  8:41  SCV  
  121  8:43  Marine x3  
  121  8:44  Marine x3  
  121  8:46  SCV x2  
  129  8:52  Thor  
  133  9:01  Marine x4  
  133  9:02  Marine  
  138  9:19  Marine x4  
  138  9:21  Marine  
  138  9:22  Marine  
  145  9:36  Command Center, Refinery  
  145  9:37  Refinery  
Show
View Real Time Build Order
Export as new Build Order

Össy Zerg 

Build Orders: Hatch First 

Get SALT Encoding   

  12  0:00  Drone  
  13  0:12  Overlord  
  13  0:17  Drone  
  14  0:31  Drone x2  
  16  0:36  Drone  
  17  0:53  Hatchery  
  17  0:56  Drone  
  17  0:59  Drone  
  18  1:15  Spawning Pool  
  17  1:18  Drone  
  17  1:22  Drone  
  19  1:29  Drone  
  20  1:46  Hatchery  
  19  1:48  Drone  
  20  1:55  Overlord  
  20  2:01  Drone  
  21  2:06  Queen  
  22  2:11  Zergling x2  
  22  2:12  Zergling x2  
  24  2:17  Zergling x2  
  25  2:24  Queen  
  25  2:28  Drone  
  28  2:30  Drone  
  28  2:37  Extractor  
  28  2:39  Drone  
  28  2:41  Queen  
  32  2:46  Drone  
  32  2:49  Overlord  
  33  2:56  Drone  
  33  2:58  Queen  
  36  3:05  Queen  
  36  3:09  Drone  
  36  3:11  Drone  
  40  3:13  Drone  
  40  3:15  Drone  
  42  3:21  Drone x2, Extractor  
  42  3:22  Extractor  
  42  3:32  Drone  
  43  3:34  Drone x3  
  43  3:37  Overlord  
  43  3:38  Drone  
  47  3:46  Drone  
  48  3:51  Drone  
  48  3:52  Drone, Overlord  
  48  3:55  Overlord  
  50  3:56  Extractor  
  50  3:57  Drone x2  
  50  4:00  Drone x2  
  53  4:10  Lair  
  53  4:11  Roach Warren  
  53  4:15  Drone x2  
  54  4:21  Drone x2  
  54  4:23  Zergling x2  
  57  4:24  Drone x2  
  57  4:25  Drone  
  57  4:30  Zergling x2  
  61  4:31  Metabolic Boost  
  61  4:36  Evolution Chamber, Drone  
  61  4:37  Drone x2  
  63  4:47  Drone x3  
  63  4:48  Drone  
  63  4:49  Evolution Chamber  
  63  4:52  Overlord, Drone  
  67  4:53  Drone  
  67  4:56  Spore Crawler  
  67  4:59  Spore Crawler x2  
  65  5:06  Zerg Melee Weapons Level 1  
  65  5:11  Zergling x4  
  66  5:14  Roach x3  
  66  5:15  Roach  
  66  5:17  Zerg Ground Armor Level 1  
  74  5:23  Drone x2  
  74  5:24  Drone  
  74  5:26  Glial Reconstitution  
  74  5:28  Overseer  
  77  5:30  Extractor  
  77  5:31  Drone  
  77  5:32  Drone, Extractor  
  77  5:33  Drone x2, Extractor  
  78  5:37  Drone x3  
  81  5:56  Ravager  
  82  6:05  Spore Crawler  
  82  6:06  Ravager  
  82  6:08  Overlord x3  
  79  6:18  Ravager x2  
  79  6:21  Hatchery  
  79  6:25  Roach x2  
  82  6:26  Hatchery  
  81  6:39  Roach x3  
  84  6:47  Ravager x2  
  83  6:59  Roach x3  
  83  7:03  Ravager  
  83  7:04  Ravager x2  
  83  7:05  Drone x3  
  83  7:06  Drone x3  
  92  7:12  Drone x6, Spire  
  96  7:27  Drone x9  
  103  7:47  Ravager x3  
  106  7:53  Drone x3  
  106  7:54  Drone x2  
  106  7:56  Drone x7  
  106  7:57  Drone, Extractor  
  106  7:58  Extractor  
  113  8:19  Spire  
  111  8:20  Drone x3  
  111  8:21  Drone x3  
  114  8:27  Drone x3  
  114  8:33  Extractor  
  116  8:34  Drone x2  
  116  8:35  Overlord x2  
  116  8:38  Extractor  
  116  8:39  Overlord x2  
  118  8:52  Infestation Pit  
  118  8:53  Overseer  
  118  8:54  Baneling Nest  
  116  9:01  Zergling x34  
  128  9:03  Queen  
  132  9:12  Zergling x6  
  135  9:21  Roach x4  
  141  9:25  Overseer  
  141  9:27  Roach x4  
Tags
 
Add a new tag
Caveats
  • Supply blocks, unpowered buildings, or Contaminate may cause inaccurate times.
  • Supply counts are checked every 10 seconds.